wizbiz, neutral female human Wizard ----- |[).-# -------------- ----- ---------------- |!%[|# |............| |...| |..............| |*!.|# |............+######+....###################...............| |!!.|# |............| |...|# --|-- |..............| -----# |...>.....@..-# --.--# |....# ---.--------+--- # ------.-------# ##### |...|# # # # # # # # |...|# ### # ### # # # ---.-# # # # # # # # ### ##### ### #### ### #------|- # ### # ---+-------|-- #---------.----- #|<.....| # # ###|............| #..............| #|......| # # #.............| |.............| #|....{.| # # |............| |.............| #.......| # ----.- -------------- |.............| |......| ##-....| |.............| -------- |....| --------------- |....| ------ wizbiz the Thaumaturge Experience level: 6 Strength: 14 Dexterity: 10 Constitution: 12 Intelligence: 18 Wisdom: 15 Charisma: 7 Health: 49(49) Energy: 55(66) Def: 3 Gold: 297 Moves: 3057 Dungeon seed: ZmvVrST6F2uO9bsV Game ID: wizbiz_1531170488 Your Inventory: Coins $ - 297 gold pieces Weapons a - a blessed +1 quarterstaff (weapon in hands) M - a +0 sling Armor e - an uncursed +1 cloak of magic resistance (being worn) n - an uncursed +0 orcish helm (being worn) Scrolls i - a blessed scroll of light k - an uncursed scroll of identify s - an uncursed scroll of gold detection w - an uncursed scroll of confuse monster Spellbooks l - a blessed spellbook of force bolt m - an uncursed spellbook of knock x - an uncursed spellbook of protection Potions f - an uncursed potion of booze g - a blessed potion of oil h - an uncursed potion of blindness o - an uncursed potion of invisibility p - an uncursed potion of hallucination z - an uncursed potion of extra healing C - an uncursed potion of polymorph D - an uncursed potion of sickness Rings c - an uncursed ring of conflict d - an uncursed ring of teleport control J - an uncursed ring of invisibility Wands b - a wand of lightning (0:8) Tools A - an expensive camera (0:56) E - an uncursed tallow candle (0:200) Gems q - an uncursed worthless piece of black glass r - an uncursed worthless piece of green glass y - an uncursed obsidian stone N - 2 uncursed worthless pieces of yellowish brown glass Spells and supernatural/magical abilities: Name Level Category Fail Memory a - force bolt 1 attack 0% 85% k - knock 1 matter 0% 85% p - protection 1 clerical 0% 90% W - pray for help -- divine ? -- Your skills at the end: Fighting Skills Weapon Skills quarterstaff [Basic] Spellcasting Skills attack spells [Basic] enchantment spells [Basic] Final Attributes: You had transgressed. You were magic-protected. You were unlucky. You survived. Vanquished creatures: a gnome mummy a rock piercer a rock mole a pony a gnome lord a gray ooze 5 elf zombies a floating eye 2 kittens a kobold lord 3 rothes an orc zombie an iguana 4 killer bees 3 coyotes a hobbit 8 manes a giant rat a cave spider a green mold 8 garter snakes a gecko a fox 2 kobolds 2 goblins a sewer rat 6 grid bugs 3 lichens a kobold zombie 4 newts 68 creatures vanquished. Voluntary challenges: You used a wielded weapon 61 times, starting on turn 38. You read items or engraved 6 times, starting on turn 1. You never genocided any monsters. You never polymorphed an object. You never changed form. You used no wishes. You never split a pudding. You never wrote Elbereth's name. You violated your moral code, losing 62 points of alignment, starting on turn 3009. Dungeon overview: The Dungeons of Doom: levels 1 to 5 Level 1 a long staircase Level 2 stairs to The Gnomish Mines Level 3 <- You were here a general store, a fountain Level 4 a weapon shop, an altar to Thoth Level 5 many fountains The Gnomish Mines: Level 3 stairs to The Dungeons of Doom History has recorded: On T:1 you entered the Dungeons of Doom to retrieve the Amulet of Yendor! On T:286 you reached level 2 of The Dungeons of Doom. On T:590 you advanced to experience level 2. On T:625 you reached level 1 of The Gnomish Mines. On T:706 you reached level 3 of The Dungeons of Doom. On T:932 you advanced to experience level 3. On T:950 you reached level 4 of The Dungeons of Doom. On T:1367 you reached level 5 of The Dungeons of Doom. On T:1665 you advanced to experience level 4. On T:2149 you advanced to experience level 5. On T:2629 you advanced to experience level 6. Score breakdown: Gold: 297 ( 8416 points) Experience: 6 levels (12456 points) Exploration: 5 levels ( 9.43%) ( 8320 points) Discoveries: 5 items ( 1.74%) ( 3952 points) Valuables value: (no points given unless you survive) Artifact value: 0 ( 0 points) Variety of kills: 30 monsters ( 7.87%) ( 8418 points) Turncount: 3057 turns ( -627 points) Survival: quit (score multiplied by 90%) Total score: 36841 Latest messages: Hello wizbiz, the human Wizard, welcome back to NetHack! As you read the scroll, it disappears. A map coalesces in your mind! Final status: Goodbye wizbiz the Wizard, quit... You quit in The Dungeons of Doom on dungeon level 3 with 36841 points, and 297 pieces of gold, after 3057 moves. You were level 6 with a maximum of 49 hit points when you quit.